AoeStats
← pelto

Arabia

510591047Analyzed
1v1 RM · 12h ago on Oct 1, 2026· 45m 1s· 2 players
Game mode
Random Map
Map size
Tiny (2 player)
Population
200
Speed
Normal
Resources
Standard
Victory
Conquest
Starting age
Dark Age
Ending age
Imperial Age
RankedLock teamsTeams togetherTeam positionsShared explorationLock speedFull tech treeHidden civsTurbo modeCheats
Victory
Defeat
🇨🇴 Bulgarians · Colombia
469
+17
🇺🇸 Portuguese · United States
495
-17
[ NuMa] Knightwheels
0:27 Loom
11:32 Feudal Age
12:24 Horse Collar
18:15 Castle Age
20:10 Castle Age
18:48 Double-Bit Axe
19:00 Gold Mining
19:58 Bloodlines
21:01 Padded Archer Armor
20:51 Fletching
20:59 Pikeman
23:57 Leather Archer Armor
23:38 Bodkin Arrow
25:16 Scale Mail Armor
25:24 Scale Barding Armor
26:35 Thumb Ring
27:29 Chain Mail Armor
29:08 Forging
29:23 Husbandry
32:40 Stone Mining
33:47 Wheelbarrow
33:00 Town Watch
35:50 Masonry
37:09 Bow Saw
38:39 Herbal Medicine
39:30 Chain Barding Armor
40:33 Ballistics
46:56 Imperial Age
45:10 Hand Cart
pelto
1:46 Loom
10:47 Feudal Age
17:07 Town Watch
22:01 Castle Age
22:49 Scale Barding Armor
25:37 Scale Mail Armor
28:50 Pikeman
35:51 Wheelbarrow
36:07 Chain Mail Armor
Connection lost

Rejoining the realm…

Still unreachable

The connection could not be restored.

Session expired

The server has moved on; the page needs a fresh start.